 Dungeon Crawl Stone Soup version 0.18-a0-971-g0af6217 (webtiles) character file.

20666 4thArraOfDagon the Unseen (level 12, -7/51 HPs)
             Began as a Felid Fighter on Jan 2, 2016.
             Was the Champion of Makhleb.
             Mangled by an orc warrior
             ... wielding a +0 flail
              (24 damage)
             ... on level 2 of the Orcish Mines.
             The game lasted 00:50:38 (7879 turns).

4thArraOfDagon the Unseen (Felid Fighter)           Turns: 7879, Time: 00:50:38

Health: -7/51      AC:  7    Str: 14    XL:     12   Next: 47%
Magic:  5/18       EV: 23    Int: 20    God:    Makhleb [******]
Gold:   1282       SH:  0    Dex: 14    Spells: 3 memorised, 4 levels left
                                        Lives:  0   Deaths: 3

rFire  . . .     SeeInvis +       - Unarmed
rCold  + . .     Gourm    .     (armour unavailable)
rNeg   . . .     Faith    .     (shield unavailable)
rPois  .         Spirit   .     (helmet unavailable)
rElec  .         Dismiss  .     (cloak unavailable)
rCorr  .         Reflect  .     (gloves unavailable)
SustAt .         Harm     .     (boots unavailable)
MR     +....     Rnd*Rage +     (no amulet)
Stlth  +++++++...               D - ring of wizardry
                                q - +5 ring of intelligence

@: quick, somewhat resistant to hostile enchantments, extremely stealthy
A: no armour, no weapons or thrown items, claws 1, fangs 3, rough black scales
1, see invisible, berserk 1, carnivore 3, speed 1, frail 1, low mp 1, shaggy fur
3, slow metabolism 1, strong 1, sharp paws
a: Minor Destruction, Lesser Servant of Makhleb, Major Destruction, Greater
Servant of Makhleb, Renounce Religion


You were on level 2 of the Orcish Mines.
You worshipped Makhleb.
Makhleb was exalted by your worship.
You were completely stuffed.

You visited 3 branches of the dungeon, and saw 18 of its levels.
You also visited: Ice Cave.

You collected 1282 gold pieces.

Inventory:

Jewellery
 q - a +5 ring of intelligence (left paw)
 s - an uncursed ring of protection from magic
 D - a ring of wizardry (right paw)
 E - an uncursed ring of teleportation
 F - an uncursed ring of positive energy
Wands
 g - a wand of fire (3/15)
 o - a wand of polymorph (2/24)
 r - a wand of enslavement (10/24)
 t - a wand of cold (10/15)
 x - a wand of magic darts (8/48)
 B - a wand of random effects (18/48)
 I - a wand of random effects (15/48)
 J - a wand of magic darts (30/48)
 L - a wand of paralysis (9/24)
 N - a wand of fire (4/15)
 O - a wand of digging (10/24)
Scrolls
 a - 5 scrolls of teleportation
 d - 2 scrolls of amnesia
 e - 3 scrolls of enchant armour
 l - a scroll of magic mapping
 w - a scroll of recharging
 y - 2 scrolls of fear
 H - a scroll of fog
Potions
 c - 2 potions of cancellation
 h - 2 potions of haste
 i - 2 potions of degeneration {unknown}
 j - a potion of resistance
 k - a potion of invisibility
 n - a potion of curing
 p - a potion of heal wounds
 u - a potion of brilliance {unknown}
 v - 2 potions of berserk rage {unknown}
 z - a potion of cure mutation {unknown}
 A - 6 potions of might
 G - a potion of agility {unknown}
Books
 P - a book of Enchantments

   Spells                             Type                      Level
   a - Cause Fear                     Hexes                        4
   b - Yara's Violent Unravelling     Hexes/Transmutation          5
   c - Silence                        Hexes/Air                    5
   d - Deflect Missiles               Charms/Air                   6
   e - Haste                          Charms                       6
   f - Discord                        Hexes                        8
Comestibles
 b - 4 meat rations
 f - 5 beef jerkies
 m - a royal jelly
 C - 3 slices of pizza
 K - 4 chunks of flesh


   Skills:
 + Level 9.0 Fighting
 - Level 9.0 Dodging
 - Level 15.1 Stealth
 - Level 12.1 Unarmed Combat
 + Level 5.1 Spellcasting
 - Level 1.5 Conjurations
 - Level 11.0 Hexes
 * Level 6.3 Charms
 * Level 4.5 Air Magic
 - Level 4.0 Invocations


You had 4 spell levels left.
You knew the following spells:

 Your Spells              Type           Power        Failure   Level  Hunger
a - Dazzling Spray        Conj/Hex       ####....     1%          3    ##.....
b - Controlled Blink      Tloc           N/A          100%        8    #######
c - Deflect Missiles      Chrm/Air       ####......   86%         6    #######


Dungeon Overview and Level Annotations

Branches:
Dungeon (15/15)            Temple (1/1) D:5            Lair (0/8) D:8
    Orc (2/2) D:12         Vaults (0/5) D:14
    Elf: Orc:2       Depths: D:15

Altars:
Ashenzari
Cheibriados
Dithmenos
Elyvilon
Gozag
Kikubaaqudgha
Makhleb
Nemelex Xobeh
Okawaru
Pakellas
Qazlal
Ru
Trog
Vehumet
Xom
Yredelemnul
Zin
The Shining One
Beogh

Shops:
D:13 :   Orc:2 =

Annotations:
D:2 Sigmund
D:5 4thArraOfDagon's ghost, amateur DEFE
D:8 Pikaro's ghost, novice OpFi


Innate Abilities, Weirdness & Mutations

You cannot wear armour.
You are incapable of wielding weapons or throwing items.
You have sharp claws.
You have razor-sharp teeth.
You have supernaturally acute eyesight.
You are carnivorous and can eat meat at any time.
You cover ground quickly.
Your thick and shaggy fur keeps you warm (AC +3, rC+).
You have a slow metabolism.
Your sharp claws are effective at attacking unaware monsters.
You are partially covered in rough black scales (AC +4, Dex -1).
You tend to lose your temper in combat.
You are frail (-10% HP).
Your magical capacity is low (-10% MP).
Your muscles are strong. (Str +2)


Message History

The spray of energy hits the orc warrior.
The orc warrior is lightly wounded.
The orc warrior is dazzled.
Unknown command.
You claw the orc warrior!
The orc warrior is heavily wounded.
The orc warrior completely misses you.
Unknown command.
You barely miss the orc warrior.
The orc warrior is heavily wounded.
Unknown command.
You scratch the orc warrior.
The orc warrior is severely wounded.
The orc warrior closely misses you.
You scratch the orc warrior but do no damage.
The orc warrior is severely wounded.
You scratch the orc warrior but do no damage.
The orc warrior is severely wounded.
The orc warrior hits you with a flail!!
You die...

....#.....# #####...O
....#)....# #.'.'...o
...)'..⌠..# #.#
....#[....#####.#
##..#.....#...#.#
#######'###...#.#
'.........'._.+.########
##'###'##.#...###.§§§≈§#
#...#.#...#.@.§≈≈§≈≈
#...#.##'##.#o§§§§§≈
#..∩#.......#######≈
#############


You could see an orc warrior (blind).

Vanquished Creatures
  A stone giant (Orc:2)
  A hydra (D:8)
  2 centaur warriors
  A tengu warrior (D:14)
  A death yak (D:10)
  Nergalle (Orc:1)
  2 unseen horrors
  3 hill giants
  3 orc sorcerers (Orc:2)
  3 orc knights (Orc:2)
  3 deep elf magi
  A griffon (D:14)
  3 ugly things
  A manticore (D:14)
  A centaur zombie (D:12)
  A centaur skeleton (D:10)
  A gargoyle (D:12)
  A redback zombie (D:15)
  A kobold demonologist (D:11)
  A polar bear (D:10)
  9 trolls
  2 two-headed ogres
  2 centaur simulacra (D:10)
  A shadow (D:14)
  3 wyverns
  A wyvern (shapeshifter) (D:14)
  6 yaks (D:14)
  A steam dragon (D:11)
  12 vampire mosquitoes
  A hungry ghost (D:11)
  A warg (Orc:2)
  Menkaure (D:4)
  19 orc warriors
  2 ice beasts
  3 sky beasts
  12 ogres
  An ogre (shapeshifter) (D:14)
  9 centaurs
  2 big kobolds
  A wyvern zombie (D:14)
  8 giant frogs
  4 scorpions
  9 killer bees
  An electric eel (D:10)
  5 wights
  A giant frog zombie (D:8)
  9 hounds
  A wyvern simulacrum (D:10)
  7 crimson imps
  11 orc priests
  6 jellies
  2 giant frog skeletons
  2 iguanas
  10 worker ants
  18 orc wizards
  2 human simulacra (D:14)
  2 hound skeletons
  Robin (D:2)
  A worker ant zombie (D:10)
  6 adders
  3 gnolls
  5 shadow imps
  12 white imps
  2 worker ant simulacra (D:10)
  2 adder skeletons (D:8)
  8 giant geckos
  82 orcs
  6 giant cockroaches
  13 goblins
  8 hobgoblins
  2 jackals (D:6)
  15 kobolds
  2 quokkas
  A ball python (D:2)
  7 bats
  A giant gecko zombie (D:5)
  2 giant newts
  2 rats
400 creatures vanquished.

Vanquished Creatures (collateral kills)
  An orc knight (Orc:2)
  An ugly thing (D:12)
  A moth of wrath (shapeshifter) (D:14)
  A troll (D:12)
  A boulder beetle (shapeshifter) (D:14)
  A swamp drake (D:12)
  An ogre (D:12)
  5 orc warriors
  An orc priest (Orc:2)
  A white imp (D:13)
  6 orcs
20 creatures vanquished.

Vanquished Creatures (others)
  An orc warrior (Orc:2)
  2 plants (D:8)
3 creatures vanquished.

Grand Total: 423 creatures vanquished

Notes
Turn   | Place    | Note
--------------------------------------------------------------
     0 | D:1      | 4thArraOfDagon the Felid Fighter began the quest for the Orb.
     0 | D:1      | Reached XP level 1. HP: 10/10 MP: 2/2
   126 | D:1      | Reached skill level 1 in Stealth
   178 | D:1      | Reached XP level 2. HP: 14/14 MP: 3/3
   245 | D:2      | Noticed Sigmund
   281 | D:4      | Noticed a scorpion
   291 | D:4      | Killed a scorpion
   291 | D:4      | Reached XP level 3. HP: 10/17 MP: 4/4
   347 | D:4      | Noticed Menkaure
   389 | D:4      | Reached XP level 4. HP: 21/21 MP: 5/5
   413 | D:4      | Killed Menkaure
   413 | D:4      | Reached skill level 5 in Dodging
   413 | D:4      | Reached skill level 5 in Unarmed Combat
   413 | D:4      | Reached XP level 5. HP: 5/24 MP: 6/6
   464 | D:4      | RIP
   470 | D:4      | Slain by an orc priest
   471 | D:4      | Reached XP level 4. HP: -2/22 MP: 5/5
   515 | D:4      | Found a sacrificial altar of Ru.
   547 | D:5      | Entered Level 5 of the Dungeon
   572 | D:5      | Found a staircase to the Ecumenical Temple.
   578 | Temple   | Entered the Ecumenical Temple
   845 | Temple   | Became a worshipper of Makhleb the Destroyer
   882 | D:5      | Noticed 4thArraOfDagon's ghost (amateur DEFE)
  1052 | D:3      | Reached XP level 5. HP: 25/25 MP: 6/6
  1243 | D:2      | Noticed Robin
  1266 | D:2      | Killed Robin
  1266 | D:2      | Reached * piety under Makhleb
  1354 | D:2      | Found a basalt altar of Yredelemnul.
  1489 | D:3      | Found a faded altar to an unknown god.
  1526 | D:4      | Reached skill level 5 in Stealth
  1526 | D:4      | Gained mutation: You are covered in thick fur (AC +2). [Felid growth]
  1526 | D:4      | Reached XP level 6. HP: 4/28 MP: 7/7
  1730 | D:5      | Reached skill level 6 in Fighting
  1730 | D:5      | Reached skill level 8 in Dodging
  1730 | D:5      | Reached skill level 11 in Stealth
  1730 | D:5      | Reached XP level 7. HP: 16/35 MP: 8/8
  1860 | D:6      | Reached ** piety under Makhleb
  1934 | D:6      | Found a snail-covered altar of Cheibriados.
  2024 | D:6      | You fall through a shaft!
  2172 | D:6      | Found an opulent altar of Gozag.
  2210 | D:6      | Found a shimmering altar of Xom.
  2301 | D:7      | Learned a level 3 spell: Dazzling Spray
  2341 | D:7      | Reached XP level 8. HP: 36/39 MP: 9/9
  2381 | D:7      | Noticed a hill giant
  2539 | D:8      | Reached skill level 1 in Hexes
  2639 | D:8      | jacquesderrida: Good old four-eyed cat
  2669 | D:8      | Reached *** piety under Makhleb
  2670 | D:8      | jacquesderrida: Our favourite mutant from Mars
  2712 | D:8      | Noticed an eight-headed hydra
  2715 | D:8      | Killed an eight-headed hydra
  2715 | D:8      | Reached skill level 1 in Conjurations
  2808 | D:8      | Found a staircase to the Lair.
  2808 | D:8      | Noticed Pikaro's ghost (novice OpFi)
  2884 | D:8      | Reached XP level 9. HP: 37/42 MP: 11/11
  2922 | D:8      | Reached skill level 1 in Spellcasting
  2973 | D:8      | Reached skill level 12 in Stealth
  3007 | D:8      | Found a shadowy altar of Dithmenos.
  3057 | D:9      | Reached **** piety under Makhleb
  3197 | D:10     | Entered Level 10 of the Dungeon
  3252 | D:10     | Noticed a polar bear
  3304 | D:10     | Reached skill level 5 in Hexes
  3309 | D:10     | Noticed a cyan ugly thing
  3309 | D:10     | Noticed a centaur warrior
  3311 | D:10     | Killed a cyan ugly thing
  3315 | D:10     | Killed a centaur warrior
  3315 | D:10     | Reached skill level 10 in Unarmed Combat
  3315 | D:10     | Reached XP level 10. HP: 45/47 MP: 9/14
  3688 | D:10     | Noticed a death yak
  3698 | D:10     | Reached skill level 13 in Stealth
  3705 | D:10     | Killed a death yak
  3801 | D:9      | Noticed a hill giant
  3805 | D:9      | Killed a hill giant
  3805 | D:9      | Reached skill level 1 in Invocations
  3929 | D:10     | Reached ***** piety under Makhleb
  3986 | D:10     | Noticed a smoke demon
  4003 | D:10     | Killed from afar by a smoke demon
  4004 | D:10     | Reached XP level 9. HP: -15/43 MP: 13/13
  4061 | D:11     | Noticed a kobold demonologist
  4068 | D:11     | Killed a kobold demonologist
  4078 | D:11     | Noticed an unseen horror
  4082 | D:11     | Killed an unseen horror
  4082 | D:11     | Reached XP level 10. HP: 47/47 MP: 15/15
  4180 | D:12     | Noticed a gargoyle
  4188 | D:12     | Killed a gargoyle
  4193 | D:12     | Gained mutation: You are frail (-10% HP). [mutagenic meat]
  4194 | D:12     | Gained mutation: Your muscles are strong. (Str +2) [mutagenic meat]
  4195 | D:12     | Gained mutation: Your magical capacity is low (-10% MP). [mutagenic meat]
  4199 | D:12     | Noticed a gargoyle
  4203 | D:12     | Noticed a hill giant
  4208 | D:12     | Noticed a deep elf mage
  4210 | D:12     | Killed a hill giant
  4549 | D:12     | Reached skill level 14 in Stealth
  4670 | D:12     | Reached XP level 11. HP: 45/45 MP: 15/15
  4671 | D:12     | Noticed a centaur warrior
  4727 | D:13     | Found Apagacs's Book Boutique.
  4736 | D:13     | meh
  4736 | D:13     | RIP
  4783 | D:13     | Found a frozen archway.
  4812 | D:13     | HP: 2/45 [white imp/puff of frost (10)]
  4859 | IceCv    | Entered an ice cave
  5032 | D:12     | Killed a deep elf mage
  5036 | D:12     | Noticed a green ugly thing
  5043 | D:12     | Killed a green ugly thing
  5057 | D:13     | Noticed a deep elf mage
  5211 | D:14     | Noticed an unseen horror
  5212 | D:14     | Noticed a tengu warrior
  5216 | D:14     | Killed a tengu warrior
  5258 | D:14     | Found a gate to the Vaults.
  5261 | D:14     | Noticed a hell hog
  5265 | D:14     | a hell hog changed into a water nymph
  5285 | D:14     | Gained mutation: You tend to lose your temper in combat. [mutagenic meat]
  5286 | D:14     | Gained mutation: You are partially covered in rough black scales (AC +4, Dex -1). [mutagenic meat]
  5320 | D:14     | Killed an unseen horror
  5320 | D:14     | Reached skill level 10 in Hexes
  5435 | D:14     | Noticed a hill giant
  5443 | D:14     | Killed a hill giant
  5459 | D:14     | Noticed a griffon
  5468 | D:14     | Killed a griffon
  5493 | D:14     | Learned a level 8 spell: Controlled Blink
  5500 | D:14     | Learned a level 6 spell: Deflect Missiles
  5570 | D:15     | Entered Level 15 of the Dungeon
  5610 | D:14     | Noticed a deep elf mage
  5627 | D:15     | Noticed a purple ugly thing
  5627 | D:15     | Noticed a purple ugly thing
  5723 | D:15     | Noticed a centaur warrior
  5735 | D:15     | Slain by a centaur warrior
  5736 | D:15     | Reached XP level 10. HP: 0/43 MP: 7/15
  5796 | D:15     | Noticed a tengu warrior
  5797 | D:15     | Noticed a skeletal warrior
  5838 | D:15     | Noticed a deep elf mage
  5849 | D:15     | Killed a deep elf mage
  5849 | D:15     | Reached skill level 1 in Charms
  5891 | D:15     | Noticed a purple ugly thing
  5891 | D:15     | Noticed a purple ugly thing
  5894 | D:15     | Noticed a purple ugly thing
  5924 | D:14     | Reached XP level 11. HP: 45/45 MP: 9/16
  5958 | D:14     | Killed a deep elf mage
  5958 | D:14     | Reached skill level 1 in Air Magic
  6105 | D:14     | Reached skill level 15 in Stealth
  6139 | D:13     | Reached ****** piety under Makhleb
  6158 | D:12     | Killed a centaur warrior
  6266 | D:11     | Noticed a red ugly thing
  6276 | D:11     | jacquesderrida: welcome to dagin
  6279 | D:11     | Killed a red ugly thing
  6397 | D:12     | 4thArraOfDagon: hi
  6397 | D:12     | bart: hey
  6397 | D:12     | 4thArraOfDagon: as you can clearly see
  6397 | D:12     | 4thArraOfDagon: im trying to clutch this midget out!
  6433 | D:12     | Noticed a white ugly thing
  6450 | D:12     | Killed a white ugly thing
  6468 | D:12     | Found a staircase to the Orcish Mines.
  6523 | Orc:1    | Entered Level 1 of the Orcish Mines
  6526 | Orc:2    | Entered Level 2 of the Orcish Mines
  6691 | Orc:2    | UH uh
  6713 | Orc:1    | Noticed Nergalle
  6860 | Orc:2    | Noticed an orc knight
  6895 | Orc:2    | Noticed an orc knight
  6929 | Orc:2    | Killed an orc knight
  7024 | Orc:2    | jacquesderrida: dang
  7178 | Orc:2    | Gained mutation: Your thick and shaggy fur keeps you warm (AC +3, rC+). [Felid growth]
  7178 | Orc:2    | Reached XP level 12. HP: 48/50 MP: 14/18
  7303 | Orc:2    | Noticed a stone giant
  7304 | Orc:2    | oh oh
  7391 | Orc:1    | Killed Nergalle
  7391 | Orc:1    | Reached skill level 5 in Charms
  7666 | Orc:2    | Killed a stone giant
  7690 | Orc:2    | Reached skill level 5 in Spellcasting
  7758 | Orc:2    | Found a roughly hewn altar of Beogh.
  7808 | Orc:2    | Found Biaqurgh's Jewellery Boutique.
  7879 | Orc:2    | Mangled by an orc warrior

Vault maps used:
D:1:      enne_arrival_octagon_isle
D:2:      fedhas_altar_1, lemuel_crystal_altar, uniq_robin, uniq_sigmund
D:3:      ecumenical_altar_1, feat_on_display
D:4:      kennysheep_mini, uniq_menkaure
D:5:      temple_statues, first_bread, roderic_digamma_sauvastika,
          lightli_minifort
D:6:      grunt_gozag_statues, xom_butterflies, old_standard_altar
D:7:      led_sif_pool, uniq_pikel
D:8:      grunt_dithmenos_smoke_and_mirrors, dpeg_oklobed_lair
D:9:      hangedman_fish_farm
D:10:     hangedman_cross_cluster, serial_ice, serial_ice_h, serial_ice_a,
          serial_ice_i, serial_ice_d, serial_ice_o, serial_ice_c,
          minmay_another_anthill
D:12:     erik_orc_1
D:13:     serial_shops, nicolae_shop_crystal, portal_ice_cave_entry_imps,
          abandoned_shop
D:14:     david_vaults_2, serial_glass, glass_columns_a, glass_columns_a,
          bh_circular_ruins
D:15:     grunt_enter_depths_hoard, minmay_misc_feat_iff
Temple:   minmay_temple_forest_path_12
Orc:1:    minmay_goldmine, mines2_lemuel, uniq_nergalle
Orc:2:    pubby_orc_utopia
IceCv:    ice_cave_tombish

Action                   |  1- 3 |  4- 6 |  7- 9 | 10-12 || total
-------------------------+-------+-------+-------+-------++-------
Melee: Unarmed           |    35 |   117 |   212 |   690 ||  1054
 Cast: Dazzling Spray    |       |       |     8 |    97 ||   105
Invok: Lesser Servant of |       |       |       |    14 ||    14
       Minor Destruction |       |       |       |     1 ||     1
Evoke: Wand              |       |     1 |       |    14 ||    15
  Use: Scroll            |     3 |     4 |     2 |    16 ||    25
       Potion            |     2 |     3 |       |    11 ||    16
 Stab: Sleeping          |     5 |     5 |    29 |    65 ||   104
       Confused          |       |     1 |       |       ||     1
       Invisible         |       |       |     2 |    45 ||    47
       Paralysed         |       |       |       |     3 ||     3
       Distracted        |       |       |       |     2 ||     2
  Eat: Chunk             |     6 |     6 |     5 |    40 ||    57
